 Dungeon Crawl Stone Soup version 0.20.1-1-g8b1a95d (webtiles) character file.

260 gobwax the Firebug (level 6, -8/36 HPs)
             Began as an Octopode Fire Elementalist on Aug 14, 2017.
             Was a Follower of Vehumet.
             Mangled by Menkaure (22 damage)
             ... on level 4 of the Dungeon.
             The game lasted 00:08:49 (3975 turns).

gobwax the Firebug (Octopode Fire Elementalist)     Turns: 3975, Time: 00:08:51

Health: -8/36      AC:  1    Str:  8    XL:     6   Next: 17%
Magic:  1/11       EV: 13    Int: 19    God:    Vehumet [*.....]
Gold:   148        SH:  0    Dex: 12    Spells: 5/12 levels left

rFire    + . .     SeeInvis .   t - +3 quarterstaff (chaos)
rCold    x . .     Gourm    .   (shield currently unavailable)
rNeg     . . .     Faith    .   (helmet restricted)
rPois    .         Spirit   .   (no amulet)
rElec    .         Reflect  .   o - ring of protection from magic
rCorr    .         Harm     .   p - ring of fire
MR       +....                  (no ring)
Stlth    +++.......             (no ring)
Regen    0.2/turn               (no ring)
MPRegen  0.2/turn               (no ring)
                                (no ring)
                                (no ring)

@: very slightly contaminated
A: almost no armour, stealthy swim, amphibious, 8 rings, constrict 8, camouflage
1, gelatinous body 1
a: Renounce Religion


You were on level 4 of the Dungeon.
You worshipped Vehumet.
Vehumet was aware of your devotion.
You were not hungry.

You visited 1 branch of the dungeon, and saw 4 of its levels.

You collected 148 gold pieces.

Inventory:

Hand Weapons
 j - a +2 short sword of distortion
 t - a +3 quarterstaff of chaos (weapon)
Jewellery
 o - a ring of protection from magic (left tentacle)
 p - a ring of fire (right tentacle)
Wands
 f - a wand of polymorph (4/24)
 q - a wand of confusion (31/48)
Scrolls
 c - a scroll of fog
 e - a scroll of remove curse
 h - 2 scrolls of identify
 i - a scroll of noise {unknown}
 k - a scroll of magic mapping {unknown}
 u - a scroll of enchant weapon {unknown}
Potions
 d - a potion of brilliance
 g - a potion of magic {unknown}
 l - a potion of resistance
 m - a potion of mutation {unknown}
 n - a potion of heal wounds {unknown}
 r - a potion of degeneration {unknown}
 s - 2 potions of haste {unknown}
Books
 a - a book of Flames

   Spells                             Type                      Level
   a - Flame Tongue                   Conjuration/Fire             1
   b - Throw Flame                    Conjuration/Fire             2
   c - Conjure Flame                  Conjuration/Fire             3
   d - Inner Flame                    Hexes/Fire                   3
   e - Sticky Flame                   Conjuration/Fire             4
   f - Fireball                       Conjuration/Fire             5
Comestibles
 b - a bread ration


   Skills:
 - Level 2.0 Dodging
 - Level 2.6 Stealth
 + Level 3.6 Spellcasting
 + Level 2.6 Conjurations
 + Level 5.1 Fire Magic


You had 5 spell levels left.
You knew the following spells:

 Your Spells              Type           Power        Failure   Level  Hunger
a - Flame Tongue          Conj/Fire      ####.        3%          1    None
b - Throw Flame           Conj/Fire      ####..       4%          2    ##.....
c - Sticky Flame          Conj/Fire      ####....     28%         4    ####...


Dungeon Overview and Level Annotations

Branches:
Dungeon (4/15)
 Temple: D:4-7

Altars:
Qazlal
Vehumet

Annotations:
D:4 Menkaure


Innate Abilities, Weirdness & Mutations

You cannot wear most types of armour.
You are very stealthy in the water. (Stealth+)
You are amphibious.
You can wear up to eight rings at the same time.
You can use your tentacles to constrict eight enemies at once.
Your skin changes colour to match your surroundings (Stealth+).
Your rubbery body absorbs attacks. (AC +1, EV +1)


Message History

You see here a hand axe.
Menkaure mumbles some strange words.
Menkaure seems to speed up.
Menkaure gestures at you while chanting.
You resist with some effort.
As you read the scroll labeled SANOEVUSENIMN, it crumbles to dust.
The scroll dissolves into smoke.
It was a scroll of fog.
As you read the scroll labeled JUM FAURIHUE, it crumbles to dust.
You feel blessed for a moment.
It was a scroll of remove curse.
Okay, then.
Casting: Sticky Flame
Confirm with . or Enter, or press ? or * to list all spells.
Aiming: Sticky Flame
Press: ? - help, Shift-Dir - straight line, f/p - Menkaure
Aim: Menkaure (grey smoke, fast)
You feel a surge of power!
The sticky flame hits Menkaure.
Menkaure is lightly damaged.
Menkaure is covered in liquid flames!
Menkaure burns!
Menkaure hits you!!
Ouch! That really hurt!
You die...

#......... #≈...≈#.
#.....#### #≈...≈#.
#.....# #≈...≈#.
#.....# #≈≈.≈≈#.
#.....#########'###.
#.....##............
#........###. #####
#........###> #§§@#
#........#... #§§M#
##............
#.§§###...........#.
#§§§#...).......###.
#§§§§..M.w......# #.
#...####........# #.
#...# #........# #.
#...# ########## #.
##### .


You could see Menkaure (burning).

Vanquished Creatures
  A hound (D:4)
  Crazy Yiuf (D:3)
  Jessica (D:2)
  Ijyb (D:3)
  A hound skeleton (D:4)
  5 adders
  3 worms
  2 leopard geckos
  2 orcs (D:3)
  7 bats
  2 giant cockroaches
  12 goblins
  11 hobgoblins
  5 jackals
  A quokka (D:3)
  A frilled lizard (D:1)
  9 kobolds
  9 rats
74 creatures vanquished.

Vanquished Creatures (others)
  An adder (D:3)
1 creature vanquished.

Grand Total: 75 creatures vanquished

Notes
Turn   | Place    | Note
-------+----------+-------------------------------------------
     0 | D:1      | gobwax the Octopode Fire Elementalist began the quest for the Orb.
     0 | D:1      | Reached XP level 1. HP: 11/11 MP: 3/3
    99 | D:1      | Reached XP level 2. HP: 7/17 MP: 0/5
   941 | D:2      | Reached XP level 3. HP: 3/21 MP: 3/6
  1320 | D:2      | Reached skill level 4 in Fire Magic
  1515 | D:2      | Found a radiant altar of Vehumet.
  1533 | D:2      | Became a worshipper of Vehumet
  1590 | D:2      | Reached XP level 4. HP: 8/27 MP: 0/7
  2337 | D:2      | Noticed Jessica
  2627 | D:2      | Learned a level 2 spell: Throw Flame
  2662 | D:2      | Killed Jessica
  2735 | D:2      | Reached XP level 5. HP: 30/31 MP: 9/9
  2992 | D:3      | Found a stormy altar of Qazlal.
  3190 | D:3      | Noticed Ijyb
  3205 | D:3      | Killed Ijyb
  3205 | D:3      | Reached * piety under Vehumet
  3205 | D:3      | Offered knowledge of Freeze by Vehumet.
  3521 | D:3      | Found a runed door.
  3701 | D:3      | Learned a level 4 spell: Sticky Flame
  3701 | D:3      | Noticed Crazy Yiuf
  3708 | D:3      | Killed Crazy Yiuf
  3708 | D:3      | Reached skill level 5 in Fire Magic
  3872 | D:4      | Reached XP level 6. HP: 36/36 MP: 11/11
  3924 | D:4      | Noticed Menkaure
  3975 | D:4      | Mangled by Menkaure

Skill      XL: |  1  2  3  4  5 |
---------------+----------------+-----
Fire Magic     | 4 5 |  5.1
Spellcasting   | 3 |  3.6
Conjurations   | 2 |  2.6
Dodging        | |  2.0
Stealth        | |  2.6

Action                   |  1- 3 |  4- 6 || total
-------------------------+-------+-------++-------
Melee: Unarmed           |    31 |    11 ||    42
       Constrict         |    11 |    15 ||    26
       Tentacles         |     3 |     8 ||    11
       Short sword       |       |    44 ||    44
       Quarterstaff      |       |     6 ||     6
 Cast: Flame Tongue      |    41 |    40 ||    81
       Sticky Flame      |       |     2 ||     2
  Use: Potion            |     1 |     1 ||     2
       Scroll            |       |     3 ||     3
 Stab: Sleeping          |     3 |     7 ||    10
       Distracted        |     1 |       ||     1
  Eat: Chunk             |     2 |     6 ||     8
       Bread ration      |       |     1 ||     1
Armor: Skin              |     4 |     5 ||     9
Dodge: Dodged            |    49 |    33 ||    82
